 Dungeon Crawl Stone Soup version 0.21-a0-273-g0785366 (webtiles) character file.

6222 tilp the Arsonist (level 10, -3/68 (69) HPs)
             Began as a Hill Orc Fire Elementalist on Sept 17, 2017.
             Was a High Priest of Okawaru.
             Slain by a death yak (23 damage)
             ... on level 8 of the Dungeon.
             The game lasted 00:30:01 (11445 turns).

tilp the Arsonist (Hill Orc Fire Elementalist)     Turns: 11445, Time: 00:30:02

HP:   -3/68 (69)    AC:  5    Str: 12    XL:     10   Next: 92%
MP:   7/20          EV: 12    Int: 18    God:    Okawaru [*****.]
Gold: 142           SH:  0    Dex: 11    Spells: 5/22 levels left

rFire    . . .     SeeInvis .   I - +5 scimitar (freeze) (curse)
rCold    . . .     Gourm    .   (no shield)
rNeg     . . .     Faith    .   e - +0 robe
rPois    .         Spirit   .   f - +1 hat
rElec    .         Reflect  .   (no cloak)
rCorr    .         Harm     .   G - +1 pair of gloves
MR       .....                  (no boots)
Stlth    ++........             (no amulet)
HPRegen  0.21/turn              (no ring)
MPRegen  0.17/turn              (no ring)

@: no status effects
A: no striking features
a: Heroism, Finesse, Renounce Religion


You were on level 8 of the Dungeon.
You worshipped Okawaru.
Okawaru was extremely pleased with you.
You were not hungry.

You visited 2 branches of the dungeon, and saw 9 of its levels.

You collected 382 gold pieces.
You spent 240 gold pieces at shops.

Inventory:

Hand Weapons
 b - a +0 hunting sling
 v - a +0 war axe
 I - a cursed +5 scimitar of freezing (weapon)
Missiles
 m - 69 sling bullets
 z - 3 javelins of penetration (quivered)
 D - 3 tomahawks
Armour
 e - a +0 robe (worn)
 f - a +1 hat (worn)
 G - a +1 pair of gloves (worn)
 J - the +0 large shield of the Prince {rElec rF+ rC+}
   (You found it on level 7 of the Dungeon)

   It protects you from fire.
   It protects you from cold.
   It insulates you from electricity.
Magical Staves
 L - an uncursed staff of fire {unknown}
Jewellery
 h - an uncursed amulet of the gourmand {unknown}
 r - an uncursed ring of magical power {unknown}
Wands
 g - a wand of lightning (10/15)
 u - a wand of random effects (31/48)
 B - a wand of flame (21/48)
 C - a wand of iceblast (3/15)
Scrolls
 i - 9 scrolls of teleportation {unknown}
 k - 12 scrolls of identify {unknown}
 o - 3 scrolls of amnesia {unknown}
 s - a scroll of remove curse {unknown}
 t - a scroll of fog {unknown}
 x - 2 scrolls of enchant weapon {unknown}
 y - a scroll of blinking {unknown}
 A - 2 scrolls of recharging {unknown}
 F - a scroll of enchant armour {unknown}
 H - 2 scrolls of fear {unknown}
Potions
 d - a potion of brilliance
 j - 4 potions of degeneration {unknown}
 l - 2 potions of lignification {unknown}
 n - a potion of cancellation {unknown}
 q - a potion of might {unknown}
 w - a potion of agility {unknown}
 E - 3 potions of curing
 K - a potion of flight {unknown}
Books
 a - a book of Cantrips

   Spells                             Type                      Level
   a - Confusing Touch                Hexes                        1
   b - Animate Skeleton               Necromancy                   1
   c - Summon Small Mammal            Summoning                    1
   d - Apportation                    Translocation                1
 p - a book of Flames

   Spells                             Type                      Level
   a - Flame Tongue                   Conjuration/Fire             1
   b - Throw Flame                    Conjuration/Fire             2
   c - Conjure Flame                  Conjuration/Fire             3
   d - Inner Flame                    Hexes/Fire                   3
   e - Sticky Flame                   Conjuration/Fire             4
   f - Fireball                       Conjuration/Fire             5
Comestibles
 c - 4 bread rations


   Skills:
 - Level 1.5 Dodging
 - Level 1.5 Stealth
 + Level 6.8 Spellcasting
 + Level 10.1 Conjurations
 + Level 10.6 Fire Magic


You had 5 spell levels left.
You knew the following spells:

 Your Spells              Type           Power        Failure   Level  Hunger
a - Flame Tongue          Conj/Fire      #####        1%          1    None
b - Throw Flame           Conj/Fire      #####.       1%          2    None
c - Conjure Flame         Conj/Fire      #####...     1%          3    ##.....
d - Sticky Flame          Conj/Fire      #####...     1%          4    ####...
e - Fireball              Conj/Fire      #####.....   4%          5    #####..
f - Animate Skeleton      Necr           N/A          11%         1    None
g - Apportation           Tloc           #.....       11%         1    None


Dungeon Overview and Level Annotations

Branches:
Dungeon (8/15)             Temple (1/1) D:4            Lair (0/6) D:8

Altars:
Ashenzari
Cheibriados
Dithmenos
Elyvilon
Fedhas
Gozag
Hepliaklqana
Kikubaaqudgha
Makhleb
Nemelex Xobeh
Okawaru
Qazlal
Ru
Sif Muna
Uskayaw
Vehumet
Wu Jian
Xom
Yredelemnul
Zin
The Shining One

Shops:
D:7 :   D:8 [

Annotations:
D:2 Natasha, Terence
D:3 2 exclusions, Ijyb
D:5 1 runed door
D:6 Sigmund


Message History

Aim: a death yak (flame, moderately wounded)
The sticky flame hits the death yak.
The death yak is moderately wounded.
The death yak is covered in liquid flames!
The death yak burns!
The death yak is engulfed in blazing flames.
The death yak gores you!!
You hit the death yak. You freeze the death yak.
The death yak is heavily wounded.
The death yak burns! x2
The death yak is engulfed in blazing flames.
The death yak gores you.
* * * LOW HITPOINT WARNING * * *
Unknown command.
You hit the death yak. You freeze the death yak.
The death yak is severely wounded.
The death yak burns!
The death yak stops burning.
The death yak is engulfed in blazing flames.
The death yak gores you!!
You die...

.# #........#####....#...##
.#####.######F# #........#.
.....#.######Y# #..........
.###.#.##.....#
#....#####.. F#
#.#.##.###.# ##...## .. Y#
#.#.##.###.# ##.....## .#
#.#...<....# ##.......##
.###.####....####.........#
z.FzY)Y.Y.....§Y@.........+
.########....####.........#
## #.....<###.......##
######.# ##.....## .#
##...... # #.##### .# .#


You could see a death yak.

Vanquished Creatures
  5 death yaks (D:8)
  The ghost of Gagarin the Covered, a novice MiFi of Makhleb (D:8)
  A hungry ghost (D:7)
  Menkaure (D:5)
  An ice beast (D:7)
  An orc warrior (D:1)
  3 phantoms
  A black bear (D:6)
  A necrophage (D:8)
  A centaur (D:5)
  2 ogres
  4 bullfrogs
  2 scorpions
  5 wights
  A howler monkey (D:6)
  2 crimson imps (D:7)
  A jelly (D:8)
  A centaur skeleton (D:8)
  A centaur zombie (D:7)
  A hound (D:5)
  4 orc priests
  6 orc wizards
  2 iguanas (D:4)
  Natasha (D:2)
  4 worker ants
  3 hound skeletons
  A worker ant zombie (D:5)
  7 gnolls
  9 adders
  5 oozes
  2 adder skeletons
  5 leopard geckos
  20 orcs
  A ball python (D:3)
  3 bats
  5 giant cockroaches
  4 hobgoblins
  8 jackals
  5 kobolds
  3 quokkas
  5 frilled lizards
  6 goblins
  A jackal zombie (D:6)
  A quokka zombie (D:5)
  4 rats (D:1)
  A rat zombie (D:4)
152 creatures vanquished.

Notes
Turn   | Place    | Note
-------+----------+-------------------------------------------
     0 | D:1      | tilp the Hill Orc Fire Elementalist began the quest for the Orb.
     0 | D:1      | Reached XP level 1. HP: 14/14 MP: 3/3
   131 | D:1      | Reached XP level 2. HP: 6/20 MP: 1/4
   135 | D:1      | Learned a level 2 spell: Throw Flame
  1066 | D:1      | Reached XP level 3. HP: 23/26 MP: 2/5
  1543 | D:2      | Noticed an orc warrior
  1803 | D:2      | Noticed Terence
  1882 | D:2      | Noticed Natasha
  1894 | D:2      | Killed Natasha
  1894 | D:2      | Reached XP level 4. HP: 11/33 MP: 0/6
  2120 | D:2      | Found a faded altar of an unknown god.
  2280 | D:1      | Killed an orc warrior
  2280 | D:1      | Reached XP level 5. HP: 11/38 MP: 1/8
  2828 | D:2      | Noticed Natasha
  3162 | D:2      | Learned a level 3 spell: Conjure Flame
  3267 | D:2      | Reached XP level 6. HP: 45/45 MP: 3/9
  3333 | D:2      | Found an iron altar of Okawaru.
  3335 | D:2      | Found a shattered altar of Ashenzari.
  3344 | D:2      | Became a worshipper of Warmaster Okawaru
  4261 | D:3      | Noticed Ijyb
  4760 | D:4      | Learned a level 4 spell: Sticky Flame
  4867 | D:4      | Noticed a phantom
  4882 | D:4      | Killed a phantom
  4882 | D:4      | Reached skill level 5 in Conjurations
  5054 | D:4      | Found a staircase to the Ecumenical Temple.
  5060 | Temple   | Entered the Ecumenical Temple
  5563 | D:4      | Reached XP level 7. HP: 27/50 MP: 4/11
  5569 | D:4      | Reached skill level 5 in Fire Magic
  5586 | D:4      | Reached * piety under Okawaru
  6053 | D:4      | Found a glowing golden altar of the Shining One.
  6513 | D:4      | Found an ancient bone altar of Kikubaaqudgha.
  6545 | D:5      | Entered Level 5 of the Dungeon
  6805 | D:5      | Noticed Menkaure
  6814 | D:5      | Killed Menkaure
  7090 | D:5      | Reached XP level 8. HP: 26/57 MP: 8/13
  7468 | D:5      | Found a runed door.
  7683 | D:5      | Found an ornate altar of the Wu Jian Council.
  8261 | D:6      | Reached ** piety under Okawaru
  8805 | D:6      | Noticed Sigmund
  8845 | D:6      | Reached XP level 9. HP: 44/62 MP: 15/15
  9255 | D:6      | Learned a level 5 spell: Fireball
  9279 | D:7      | Found Ejues's Book Boutique.
  9285 | D:7      | Bought a book of Cantrips for 240 gold pieces
  9287 | D:7      | Learned a level 1 spell: Animate Skeleton
  9289 | D:7      | Learned a level 1 spell: Apportation
  9850 | D:7      | Got a fine large shield
  9865 | D:7      | Identified the +0 large shield of the Prince {rElec rF+ rC+} (You found it on level 7 of the Dungeon)
  9887 | D:7      | Reached *** piety under Okawaru
 10442 | D:8      | Reached skill level 5 in Spellcasting
 10707 | D:8      | Noticed a death yak
 10873 | D:8      | Noticed a death yak
 10876 | D:8      | Noticed a death yak
 10880 | D:8      | Noticed a death yak
 10881 | D:8      | Noticed a death yak
 10882 | D:8      | Noticed a death yak
 10885 | D:8      | Killed a death yak
 10885 | D:8      | Killed a death yak
 10885 | D:8      | Reached **** piety under Okawaru
 10885 | D:8      | Reached XP level 10. HP: 39/69 MP: 3/18
 10887 | D:8      | Killed a death yak
 10889 | D:8      | Killed a death yak
 10889 | D:8      | Reached skill level 10 in Fire Magic
 11141 | D:8      | Found Pasecem's Armour Emporium.
 11209 | D:8      | Reached ***** piety under Okawaru
 11271 | D:8      | Noticed Gagarin's ghost (novice MiFi)
 11300 | D:8      | Killed Gagarin's ghost
 11300 | D:8      | Received a gift from Okawaru
 11403 | D:8      | Found a staircase to the Lair.
 11442 | D:8      | Killed a death yak
 11442 | D:8      | Reached skill level 10 in Conjurations
 11445 | D:8      | Slain by a death yak

Vault maps used:
D:1:      tarquinn_simple_flora_water_d, minmay_pentomino_w4
D:2:      grunt_temple_overflow_open, lemuel_coloured_pillars_altar,
          chequers_ecumenical_altar_simple, grunt_ministairs_9, uniq_natasha,
          uniq_terence
D:3:      uniq_ijyb
D:4:      lemuel_round_altar, lemuel_zombie_altar_kikubaaqudgha,
          minmay_temple_entry_hall
D:5:      kennysheep_mini_moat, first_bread, lightli_church_of_beogh,
          uniq_menkaure
D:6:      uniq_sigmund
D:7:      serial_shops, nicolae_shop_statue_plus
D:8:      dpeg_lair_monsters, serial_shops,
          nicolae_shop_temple_entry_statues_fountains
Temple:   lightli_temple_of_artemis

Skill      XL: |  1  2  3  4  5  6  7  8  9 10 |
---------------+-------------------------------+-----
Conjurations   | 2 3 4 5 6 7 9 10 | 10.1
Spellcasting   | 2 3 4 5 6 |  6.8
Fire Magic     | 4 5 7 9 10 | 10.6
Dodging        | |  1.5
Stealth        | |  1.5

Action                   |  1- 3 |  4- 6 |  7- 9 | 10-12 || total
-------------------------+-------+-------+-------+-------++-------
Melee: Dagger            |    50 |   117 |   113 |       ||   280
       Scimitar          |       |       |    49 |    40 ||    89
 Fire: Hunting sling     |    21 |     3 |       |       ||    24
 Cast: Flame Tongue      |    27 |    68 |   149 |     5 ||   249
       Throw Flame       |     1 |     3 |    11 |       ||    15
       Conjure Flame     |       |     2 |    24 |     6 ||    32
       Sticky Flame      |       |       |     7 |     3 ||    10
  Use: Potion            |       |       |     4 |     1 ||     5
 Stab: Sleeping          |     1 |     2 |     3 |       ||     6
  Eat: Chunk             |     1 |     5 |     8 |       ||    14
       Royal jelly       |     1 |       |       |       ||     1
       Bread ration      |       |     1 |     1 |       ||     2
       Meat ration       |       |     1 |     2 |       ||     3
Armor: Robe              |     9 |    16 |    41 |     9 ||    75
Dodge: Dodged            |    44 |    94 |   109 |    20 ||   267
       Rpst.: Scimitar   |       |       |    12 |     9 ||    21

Table legend:
 A = Spawn XP
 B = Non-spawn XP
 C = Spawn XP percentage of total XP
 D = Spawn monster count
 E = Non-spawn monster count
 F = Spawn count percentage of total count
 G = Total turns spent on level
                    A         B        C        D         E        F      G
               +---------+---------+-------+---------+---------+-------+---------
         Total |       0 |    8889 |   0.0 |       0 |     152 |   0.0 | 11445
               +---------+---------+-------+---------+---------+-------+---------
           D:1 |       0 |     194 |   0.0 |       0 |      23 |   0.0 |  2402
           D:2 |       0 |     153 |   0.0 |       0 |      14 |   0.0 |  1193
           D:3 |       0 |      50 |   0.0 |       0 |      14 |   0.0 |  1140
           D:4 |       0 |     442 |   0.0 |       0 |      23 |   0.0 |  1915
           D:5 |       0 |     463 |   0.0 |       0 |      12 |   0.0 |  1067
           D:6 |       0 |    1310 |   0.0 |       0 |      31 |   0.0 |  1450
           D:7 |       0 |     842 |   0.0 |       0 |      16 |   0.0 |  1365
           D:8 |       0 |    5435 |   0.0 |       0 |      19 |   0.0 |   809
               +---------+---------+-------+---------+---------+-------+---------
